 Dungeon Crawl Stone Soup version 0.32-a0-933-ga8fa3634e4 (webtiles) character file.

Game seed: 5010397462093283825

1 Sabo the Charlatan (level 1, -2/12 HPs)
             Began as a Gargoyle Artificer on Apr 14, 2024.
             Slain by a kobold
             ... wielding a +2 short sword of draining
              (3 damage)
             ... on level 1 of the Dungeon.
             The game lasted 00:00:32 (70 turns).

Sabo the Charlatan (Gargoyle Artificer)               Turns: 70, Time: 00:00:32

Health: -2/12      AC:  5    Str: 15    XL:     1   Next: 20%
Magic:  1/1        EV: 10    Int: 11    God:
Gold:   0          SH:  0    Dex: 10    Spells: 0/0 levels left

rFire   + . .        f - +0 long sword
rCold   . . .        (no shield)
rNeg    + . .        b - +0 leather armour
rPois   ∞            (no helmet)
rElec   +            (no cloak)
rCorr   .            (no gloves)
SInv    .            (no boots)
Will    .....        (no amulet)
Stlth   +            a - ring of protection from fire
HPRegen 0.22/turn    (no ring)
MPRegen 0.07/turn

%: no passive effects
@: no status effects
A: sickness immunity, AC +2, negative energy resistance 1, electricity
resistance, torment resistance 1, petrification resistance
a: no special abilities


You were on level 1 of the Dungeon.
You visited 1 branch of the dungeon, and saw 1 of its levels.

Inventory:

Hand Weapons
 f - a +0 long sword (weapon)
Armour
 b - a +0 leather armour (worn)
Jewellery
 a - a ring of protection from fire (left hand)
Wands
 c - a wand of flame (15) (quivered)
 d - a wand of charming (15)
 e - a wand of iceblast (5)


   Skills:
 + Level 1.1 Fighting
 + Level 2.1 Armour
 + Level 0.7 Dodging
 + Level 1.1 Stealth
 + Level 2.8 Evocations


You couldn't memorise any spells.
You didn't know any spells.
Your spell library was empty.

Dungeon Overview and Level Annotations

Branches:
Dungeon (1/15)

Altars:


Innate Abilities, Weirdness & Mutations

You are immune to sickness and miasma.
Your stone body is resilient. (AC +2)
You are immune to poison.
You resist negative energy. (rN+)
You are resistant to electric shocks. (rElec)
You are resistant to unholy torment.
You are immune to petrification.


Message History

Welcome, Sabo the Gargoyle Artificer.
A smirking vizier told you that the Orb of Zot is just within this dungeon.
Press ? for a list of commands and other information.
Found a staircase leading out of the dungeon.
You open the door.
There is an open door here.
Found a long sword.
You see here a +0 long sword.
f - a +0 long sword
f - a +0 long sword (weapon)
You drop a +0 club.
Found a granite ring.
Found a stone staircase leading down.
a - a ring of protection from fire
a - a ring of protection from fire (left hand)
Found a stone staircase leading down.
A giant cockroach comes into view.
Found a ring mail.
A kobold comes into view.
It is wielding a +2 short sword of draining.
The giant cockroach barely misses you.
You slash the giant cockroach!
You kill the giant cockroach!
The kobold shouts!
You see here a giant cockroach corpse.
You hit the kobold but do no damage. The kobold hits you but does no damage.
You closely miss the kobold.
The kobold hits you with a +2 short sword of draining. x2
You barely miss the kobold.
The kobold hits you with a +2 short sword of draining.
You miss the kobold.
The kobold hits you with a +2 short sword of draining.
* * * LOW HITPOINT WARNING * * *
The kobold closely misses you.
You closely miss the kobold.
The kobold hits you with a +2 short sword of draining.
You die...

##### ##...####
##.......
##.......##
#.........##
#..........# #
##.....>....##.#
#....K@.†......#
....#....[##.#### #
##...###.# #####
#.#
#######.########
........>......#
.........#####.####
...........###.....
...#######.........


You could see a kobold.

Vanquished Creatures
  A giant cockroach (D:1)
1 creature vanquished.

Notes
Turn   | Place    | Note
-------+----------+-------------------------------------------
     0 | D:1      | Sabo the Gargoyle Artificer began the quest for the Orb.
     0 | D:1      | Reached XP level 1. HP: 12/12 MP: 1/1
    70 | D:1      | Slain by a kobold

Illustrated notes

Levels and vault maps discovered:
D:1:      tarquinn_simple_flora_water_e, layout_loops_cross,
          ebering_ecumenical_altar_rust, minmay_misc_feat_alley,
          hangedman_decor_clover_reticule

Action                     || total
---------------------------++-------
  Melee: Long sword        ||     6
 Armour: Leather armour    ||     6
  Dodge: Dodged            ||     2

Table legend: (Time is in decaauts)
 A = Elapsed time spent in this place.
 B = Non-inter-level travel time spent in this place.
 C = Inter-level travel time spent in this place.
 D = Time resting spent in this place.
 E = Time spent auto-exploring this place.
 F = Levels seen in this place.
 G = Mean time per level.
                   A        B        C        D        E       F      G
               +--------+--------+--------+--------+--------+-----+--------+
         Total |     71 |     71 |      0 |      0 |      0 |   1 |   71.0 |
       Dungeon |     71 |     71 |      0 |      0 |      0 |   1 |   71.0 |
               +--------+--------+--------+--------+--------+-----+--------+

Top non-repeatable levels by time:
     D:1: 71 daAuts
